[ PARTIDA AOE2 · #470692886 ]
1v1 RMLituanos vs Mongols
Equipo del jugador · VICT
Equipo rival · DERR
[ ANÁLISIS DE REPETICIÓN · EXTRAÍDO DE LA PARTIDA GRABADA ]
Feudal
8:09
Castillos
—
Imperial
—
| APM promedio | 69.6 |
| APM pico | 96 |
| eAPM promedio | 32.7 |
| Aldeanos / militares | 45 / 27 |
Foco
⚔️ 35.7% · 🌾 64.3%
Skirmisher ×16 · Scout Cavalry ×11
Feudal
8:13
Castillos
—
Imperial
—
| APM promedio | 46.3 |
| APM pico | 71 |
| eAPM promedio | 12.5 |
| Aldeanos / militares | 29 / 21 |
Foco
⚔️ 34.1% · 🌾 65.9%
Archer ×18 · Militia ×3
Mapa de la partida
Recursos al inicio + cada clic de construcción. Línea gruesa = muro · recuadro discontinuo = muro de casas detectado. 🟡 oro · ⚪ piedra · 🟢 bayas · 🔶 jabalí · ⭕ reliquia
Inputs por minuto
— viku - - TdB.Ket
Build order — viku
141 acciones detectadas en el replay
| 0:00 | Crear | Villager (Male) |
| 0:01 | Crear | Villager (Male) |
| 0:02 | Construir | House |
| 0:02 | Construir | House |
| 0:05 | Crear | Villager (Male) |
| 0:06 | Crear | Villager (Male) |
| 0:10 | Crear | Villager (Male) |
| 0:11 | Crear | Villager (Male) |
| 1:25 | Crear | Villager (Male) |
| 1:25 | Crear | Villager (Male) |
| 1:38 | Crear | Villager (Male) |
| 1:43 | Construir | Lumber Camp |
| 2:21 | Crear | Villager (Male) |
| 2:21 | Crear | Villager (Male) |
| 3:15 | Crear | Villager (Male) |
| 3:23 | Construir | House |
| 3:25 | Crear | Villager (Male) |
| 3:46 | Crear | Villager (Male) |
| 4:20 | Crear | Villager (Male) |
| 4:43 | Crear | Villager (Male) |
| 5:07 | Construir | Mill |
| 5:59 | Investigar | Feudal Age |
| 6:00 | Investigar | Feudal Age |
| 6:06 | Construir | Lumber Camp |
| 6:36 | Construir | Palisade Wall |
| 6:38 | Construir | Palisade Wall |
| 6:38 | Construir | Palisade Wall |
| 6:40 | Crear | Villager (Male) |
| 6:53 | Investigar | Loom |
| 6:54 | Crear | Villager (Male) |
| 7:14 | Construir | Palisade Wall |
| 7:16 | Construir | Palisade Wall |
| 7:18 | Construir | Palisade Wall |
| 7:19 | Construir | Palisade Wall |
| 7:19 | Construir | Palisade Wall |
| 7:22 | Construir | Palisade Wall |
| 7:56 | Construir | Barracks |
| 8:09 | Edad | Edad Feudal |
| 8:22 | Investigar | Double-Bit Axe |
| 8:42 | Crear | Villager (Male) |
| 8:58 | Construir | Archery Range |
| 9:03 | Crear | Villager (Male) |
| 9:14 | Crear | Villager (Male) |
| 9:23 | Crear | Villager (Male) |
| 9:27 | Crear | Villager (Male) |
| 9:28 | Construir | House |
| 9:34 | Construir | Palisade Wall |
| 9:39 | Construir | Palisade Wall |
| 9:42 | Crear | Skirmisher ×3 |
| 10:12 | Construir | Farm |
| 10:13 | Construir | Farm |
| 10:14 | Crear | Villager (Male) |
| 10:20 | Crear | Skirmisher |
| 10:31 | Construir | House |
| 10:35 | Crear | Skirmisher |
| 11:05 | Crear | Villager (Male) |
| 11:27 | Construir | Palisade Wall |
| 11:29 | Crear | Villager (Male) |
| 11:33 | Crear | Villager (Male) |
| 11:35 | Construir | Palisade Wall |
| 11:40 | Construir | Farm |
| 11:44 | Construir | Farm |
| 11:45 | Construir | Farm |
| 11:45 | Construir | Farm |
| 11:45 | Construir | Farm |
| 12:06 | Crear | Skirmisher |
| 12:10 | Crear | Villager (Male) |
| 12:16 | Construir | House |
| 12:35 | Construir | Palisade Wall |
| 13:00 | Crear | Villager (Male) |
| 13:11 | Crear | Villager (Male) |
| 13:15 | Construir | Farm |
| 13:16 | Construir | Farm |
| 13:16 | Construir | Farm |
| 13:16 | Construir | Farm |
| 13:17 | Construir | Farm |
| 13:18 | Crear | Villager (Male) |
| 13:32 | Crear | Villager (Male) |
| 13:33 | Crear | Villager (Male) |
| 13:35 | Crear | Skirmisher ×3 |
| 13:45 | Crear | Skirmisher |
| 14:04 | Crear | Skirmisher |
| 14:08 | Construir | Palisade Wall |
| 14:08 | Construir | Palisade Wall |
| 14:09 | Construir | Palisade Wall |
| 14:09 | Construir | Palisade Wall |
| 14:09 | Construir | Palisade Wall |
| 14:12 | Crear | Skirmisher |
| 14:28 | Construir | Palisade Wall |
| 14:36 | Crear | Villager (Male) |
| 14:41 | Crear | Skirmisher |
| 14:43 | Crear | Villager (Male) |
| 14:44 | Construir | House |
| 14:51 | Construir | House |
| 14:59 | Construir | Farm |
| 15:04 | Crear | Skirmisher |
| 15:11 | Construir | Watch Tower |
| 15:22 | Crear | Villager (Male) |
| 15:27 | Construir | Farm |
| 15:40 | Crear | Villager (Male) |
| 15:40 | Investigar | Wheelbarrow |
| 15:44 | Crear | Villager (Male) |
| 15:53 | Crear | Villager (Male) |
| 15:55 | Construir | Farm |
| 16:20 | Crear | Villager (Male) |
| 16:27 | Construir | House |
| 16:38 | Crear | Villager (Male) |
| 16:48 | Construir | House |
| 16:57 | Crear | Villager (Male) |
| 17:05 | Construir | Farm |
| 17:35 | Construir | Stable |
| 17:41 | Construir | Farm |
| 17:56 | Crear | Skirmisher |
| 18:22 | Construir | Farm |
| 18:24 | Crear | Scout Cavalry ×5 |
| 18:52 | Construir | Farm |
| 18:52 | Crear | Villager (Male) |
| 18:55 | Construir | Mining Camp |
| 18:56 | Crear | Villager (Male) |
| 19:11 | Crear | Scout Cavalry |
| 19:44 | Crear | Scout Cavalry |
| 20:13 | Crear | Scout Cavalry |
| 20:19 | Crear | Villager (Male) |
| 20:35 | Crear | Scout Cavalry |
| 20:35 | Crear | Scout Cavalry |
| 21:00 | Construir | Market |
| 21:05 | Crear | Scout Cavalry |
| 21:18 | Construir | Market |
| 21:19 | Construir | Farm |
| 21:19 | Construir | Farm |
| 21:56 | Construir | Farm |
| 22:17 | Crear | Skirmisher |
| 22:25 | Investigar | Castle Age |
| 22:26 | Investigar | Castle Age |
| 22:39 | Investigar | Wheelbarrow |
| 22:39 | Construir | Farm |
| 22:40 | Construir | Farm |
| 22:40 | Construir | Farm |
| 22:59 | Construir | Watch Tower |
| 23:08 | Construir | Farm |
| 23:09 | Construir | Farm |
Build order — TdB.Ket
71 acciones detectadas en el replay
| 0:01 | Crear | Villager (Male) |
| 0:01 | Crear | Villager (Male) |
| 0:02 | Construir | House |
| 0:04 | Construir | House |
| 0:49 | Crear | Villager (Male) |
| 1:18 | Crear | Villager (Male) |
| 1:30 | Crear | Villager (Male) |
| 1:49 | Construir | Lumber Camp |
| 2:01 | Crear | Villager (Male) |
| 2:24 | Crear | Villager (Male) |
| 2:51 | Crear | Villager (Male) |
| 3:15 | Crear | Villager (Male) |
| 3:46 | Crear | Villager (Male) |
| 4:01 | Crear | Villager (Male) |
| 4:12 | Construir | House |
| 4:31 | Crear | Villager (Male) |
| 5:02 | Crear | Villager (Male) |
| 5:08 | Construir | Barracks |
| 5:10 | Investigar | Loom |
| 6:03 | Investigar | Feudal Age |
| 6:04 | Crear | Militia |
| 6:23 | Crear | Militia |
| 6:32 | Construir | Mining Camp |
| 6:49 | Construir | House |
| 7:02 | Crear | Militia |
| 8:06 | Crear | Villager (Male) |
| 8:13 | Edad | Edad Feudal |
| 8:15 | Investigar | Man-at-Arms (upgrade) |
| 8:18 | Construir | Archery Range |
| 9:12 | Crear | Villager (Male) |
| 9:14 | Crear | Villager (Male) |
| 9:16 | Construir | House |
| 9:19 | Crear | Archer |
| 9:30 | Construir | Blacksmith |
| 10:12 | Crear | Archer |
| 10:19 | Construir | Mill |
| 10:25 | Crear | Archer |
| 10:52 | Crear | Archer |
| 11:30 | Crear | Villager (Male) |
| 11:41 | Crear | Archer |
| 12:06 | Construir | Watch Tower |
| 12:20 | Crear | Archer |
| 12:21 | Crear | Villager (Male) |
| 13:15 | Crear | Villager (Male) |
| 13:35 | Crear | Archer |
| 13:37 | Crear | Villager (Male) |
| 13:51 | Construir | House |
| 13:57 | Investigar | Fletching |
| 15:01 | Crear | Archer |
| 15:01 | Crear | Archer |
| 15:22 | Crear | Villager (Male) |
| 15:25 | Construir | House |
| 15:34 | Crear | Archer |
| 15:34 | Crear | Archer |
| 15:48 | Crear | Villager (Male) |
| 15:52 | Construir | Market |
| 16:46 | Crear | Villager (Male) |
| 16:48 | Crear | Villager (Male) |
| 17:49 | Crear | Archer |
| 17:49 | Crear | Archer |
| 18:26 | Crear | Archer |
| 18:26 | Crear | Archer |
| 18:53 | Crear | Villager (Male) |
| 18:57 | Crear | Villager (Male) |
| 19:19 | Construir | House |
| 21:27 | Crear | Archer |
| 21:27 | Crear | Archer |
| 21:46 | Crear | Villager (Male) |
| 22:02 | Crear | Archer |
| 22:47 | Crear | Villager (Male) |
| 22:47 | Crear | Villager (Male) |
Cronología de la partida
| 5:08 | TdB.Ket · first_building Barracks |
| 6:36 | viku · wall_segment Palisade Wall x1 |
| 6:38 | viku · wall_segment Palisade Wall x1 |
| 6:38 | viku · wall_segment Palisade Wall x1 |
| 7:14 | viku · wall_segment Palisade Wall x4 |
| 7:16 | viku · wall_segment Palisade Wall x1 |
| 7:18 | viku · wall_segment Palisade Wall x1 |
| 7:19 | viku · wall_segment Palisade Wall x1 |
| 7:19 | viku · wall_segment Palisade Wall x1 |
| 7:22 | viku · wall_segment Palisade Wall x1 |
| 7:56 | viku · first_building Barracks |
| 8:09 | viku · age_up feudal |
| 8:13 | TdB.Ket · age_up feudal |
| 8:18 | TdB.Ket · first_building Archery Range |
| 8:58 | viku · first_building Archery Range |
| 9:34 | viku · wall_segment Palisade Wall x3 |
| 9:39 | viku · wall_segment Palisade Wall x1 |
| 11:27 | viku · wall_segment Palisade Wall x1 |
| 11:35 | viku · wall_segment Palisade Wall x1 |
| 12:35 | viku · wall_segment Palisade Wall x1 |
| 14:08 | viku · wall_segment Palisade Wall x1 |
| 14:08 | viku · wall_segment Palisade Wall x1 |
| 14:09 | viku · wall_segment Palisade Wall x1 |
| 14:09 | viku · wall_segment Palisade Wall x1 |
| 14:09 | viku · wall_segment Palisade Wall x1 |
| 14:28 | viku · wall_segment Palisade Wall x1 |
| 17:35 | viku · first_building Stable |
| 22:19 | viku · first_market_sell 100 wood |
| 22:46 | TdB.Ket · first_market_buy 100 food |
| 22:56 | viku · first_market_buy 100 stone |
| 24:15 | TdB.Ket · resign |
[ ANÁLISIS IA · 1 CRÉDITO ]
¿Qué pasó realmente en esta partida?
Wolo.gg analiza cada decisión: build order, eco, micro, errores típicos por bracket. Análisis personalizado por WhatsApp o Discord en 30 segundos.
Guía civ
Lituanos
Guía mapa
Arabia
Perfil
VIQ